 Dungeon Crawl Stone Soup version 0.18.1-50-g88ac8fd (webtiles) character file.

28 Moofe the Conjurer (level 3, -2/17 HPs)
             Began as a Vine Stalker Conjurer on Oct 20, 2016.
             Slain by a kobold
             ... wielding a +2 short sword of distortion
              (13 damage)
             ... on level 1 of the Dungeon.
             The game lasted 00:04:24 (672 turns).

Moofe the Conjurer (Vine Stalker Conjurer)           Turns: 672, Time: 00:04:25

Health: -2/17      AC:  2    Str: 10    XL:     3   Next: 14%
Magic:  0/7        EV: 12    Int: 15    God:
Gold:   26         SH:  0    Dex: 15    Spells: 2 memorised, 4 levels left

rFire  . . .     SeeInvis .     d - +2 short sword (drain)
rCold  . . .     Gourm    .     a - +0 robe
rNeg   . . .     Faith    .     (no shield)
rPois  .         Spirit   +     (no helmet)
rElec  .         Dismiss  .     (no cloak)
rCorr  .         Reflect  .     (no gloves)
SustAt .         Harm     .     (no boots)
MR     .....                    (no amulet)
Stlth  ++........               (no ring)
                                (no ring)

@: drained, not resistant to hostile enchantments, unstealthy
A: fangs 2, regeneration 1, magic shield, antimagic bite, no device heal 3, rot
immunity
a: no special abilities


You were on level 1 of the Dungeon.
You were not hungry.

You visited 1 branch of the dungeon, and saw 1 of its levels.

You collected 26 gold pieces.

Inventory:

Hand Weapons
 d - a +2 short sword of draining (weapon)
 e - a +0 dagger
Missiles
 f - 14 poisoned needles
Armour
 a - a +0 robe (worn)
Scrolls
 g - a scroll of enchant weapon {unknown}
Potions
 i - a potion of haste {unknown}
Books
 b - a book of Conjurations

   Spells                             Type                      Level
   a - Magic Dart                     Conjuration                  1
   b - Searing Ray                    Conjuration                  2
   c - Dazzling Spray                 Conjuration/Hexes            3
   d - Fulminant Prism                Conjuration/Hexes            4
   e - Iskenderun's Mystic Blast      Conjuration                  4
   f - Iskenderun's Battlesphere      Conjuration/Charms           5
Comestibles
 c - 2 bread rations
 h - a slice of pizza


   Skills:
 + Level 0.5(0.4) Fighting
 + Level 0.3(0.2) Short Blades
 + Level 0.0 Throwing
 + Level 1.6(1.5) Dodging
 * Level 2.8 Stealth
 * Level 2.5(2.4) Spellcasting
 * Level 4.4(4.3) Conjurations


You had 4 spell levels left.
You knew the following spells:

 Your Spells              Type           Power        Failure   Level  Hunger
a - Magic Dart            Conj           ##..         4%          1    #......
b - Searing Ray           Conj           ##....       8%          2    ###....


Dungeon Overview and Level Annotations

Branches:
Dungeon (1/15)

Altars:


Innate Abilities, Weirdness & Mutations

You have extremely sharp teeth.
Your natural rate of healing is unusually fast.
When hurt, damage is shared between your health and your magic reserves.
Your bite disrupts and absorbs the magic of your enemies.
Potions and wands cannot restore your health.
You are immune to rotting.


Message History

a club; a hobgoblin corpse A goblin comes into view.
It is wielding a dagger.
The goblin shouts!
The goblin hits you but does no damage.
There is a stone staircase leading down here.
You puncture the goblin!
You kill the goblin!
You see here a dagger.
A kobold comes into view.
It is wielding a short sword of distortion.
A kobold is nearby!
The kobold closely misses you.
You hit the kobold. Your bite misses the kobold.
The kobold is moderately wounded.
The kobold hits you with a short sword of distortion.
You barely miss the kobold.
The kobold is moderately wounded.
The kobold hits you with a short sword of distortion!
Space warps horribly around you!
Ouch! That really hurt!
You die...

#.######.###......##...##
#.....##.###...........##
####...............##.#..
#....>).........#.....
#...........##........
#...........##..#...#.
#...........###.##.##.
#...........###.......
###..@.....)..........
#..K.####.####.##...
......... #.# #.##...
######.....#.# #.###..
#.....#.# #.# #.#
#.#.#......#.# #..
...........#.# #..
#............# #..
.......#####.#


You could see a kobold.

Vanquished Creatures
  An ooze (D:1)
  2 dart slugs (D:1)
  3 hobgoblins (D:1)
  3 bats (D:1)
  A giant newt (D:1)
  5 goblins (D:1)
  2 kobolds (D:1)
  4 rats (D:1)
21 creatures vanquished.

Notes
Turn   | Place    | Note
--------------------------------------------------------------
     0 | D:1      | Moofe the Vine Stalker Conjurer began the quest for the Orb.
     0 | D:1      | Reached XP level 1. HP: 9/9 MP: 4/4
   132 | D:1      | Reached XP level 2. HP: 10/13 MP: 3/6
   158 | D:1      | Learned a level 2 spell: Searing Ray
   556 | D:1      | Reached XP level 3. HP: 17/17 MP: 7/7
   672 | D:1      | Slain by a kobold

Action                   || total
-------------------------++-------
Melee: Unarmed           ||    12
       Bite              ||    10
       Dagger            ||    25
       Short sword       ||    27
 Cast: Magic Dart        ||    13
       Searing Ray       ||     4
  Use: Scroll            ||     1
 Stab: Sleeping          ||     2
       Distracted        ||     1
Armor: Robe              ||    19
Dodge: Dodged            ||    38
